 Dungeon Crawl Stone Soup version 0.19.0-2-gae57169 (webtiles) character file.

57454 Millan the Severer (level 14, -18/129 HPs)
             Began as a Minotaur Berserker on Nov 6, 2016.
             Was a High Priest of Trog.
             Killed by Shatter
             ... invoked by Jorgrun
              (85 damage)
             ... on level 2 of the Elven Halls.
             The game lasted 02:40:04 (18127 turns).

Millan the Severer (Minotaur Berserker)            Turns: 18127, Time: 02:40:05

Health: -18/129    AC: 34    Str: 24    XL:     14   Next: 45%
Magic:  4/4        EV:  2    Int:  5    God:    Trog [*****.]
Gold:   574        SH:  0    Dex: 12    Spells: 0 memorised, 13 levels left

rFire  . . .     SeeInvis .     b - +4 broad axe (antimagic)
rCold  . . .     Gourm    .     w - +6 plate armour {rPois}
rNeg   + + +     Faith    .     L - +0 shield
rPois  ∞         Spirit   .     (helmet restricted)
rElec  .         Reflect  +     F - +2 cloak {+Inv}
rCorr  .         Harm     .     (no gloves)
MR     +....     Rnd*Rage +     C - +2 pair of boots
Stlth  ..........               I - +3 amulet of reflection
                                x - ring of poison resistance
                                i - +5 ring of protection

@: exhausted, petrified, slowed, drained
A: retaliatory headbutt, horns 2, berserk 1, no device heal 1
a: Berserk, Trog's Hand, Brothers in Arms, Burn Spellbooks, Renounce Religion,
Evoke Invisibility


You were on level 2 of the Elven Halls.
You worshipped Trog.
Trog was extremely pleased with you.
You were not hungry.

You visited 3 branches of the dungeon, and saw 15 of its levels.
You also visited: Sewer.

You collected 1497 gold pieces.
You spent 923 gold pieces at shops.

Inventory:

Hand Weapons
 b - a +4 antimagic broad axe (weapon)
 J - a +4 quarterstaff of chaos
 S - a +5 war axe
 V - a +0 arbalest of velocity
Missiles
 d - 3 tomahawks of returning (quivered)
Armour
 w - a +6 plate armour of poison resistance (worn)
 C - a +2 pair of boots (worn)
 F - a +2 cloak of invisibility (worn)
 L - a +0 shield (worn)
Jewellery
 i - a +5 ring of protection (left hand)
 x - a ring of poison resistance (right hand)
 D - an uncursed amulet of magic regeneration
 H - an uncursed amulet of guardian spirit
 I - a +3 amulet of reflection (around neck)
 Q - an uncursed ring of protection from cold
Wands
 a - a wand of acid (7/15)
 u - a wand of paralysis (8/24)
 A - a wand of lightning (7/15)
 M - a wand of flame (15/48)
 U - a wand of slowing (21/48)
 W - a wand of confusion (0/48)
 Z - a wand of slowing (17/48)
Scrolls
 e - a scroll of fog {unknown}
 f - 3 scrolls of blinking {unknown}
 g - 9 scrolls of identify
 n - 2 scrolls of enchant weapon {unknown}
 o - 5 scrolls of remove curse
 p - 3 scrolls of teleportation
 r - a scroll of immolation {unknown}
 v - a scroll of holy word {unknown}
 y - 2 scrolls of amnesia {unknown}
 z - a scroll of magic mapping {unknown}
 E - a scroll of random uselessness {unknown}
 G - a scroll of recharging {unknown}
 P - a scroll of noise {unknown}
 R - a scroll of fear {unknown}
Potions
 h - 2 potions of haste
 j - a potion of flight
 q - 2 potions of agility
 s - 7 potions of curing
 t - 2 potions of cancellation
 K - a potion of berserk rage
 N - a potion of might
 O - a potion of resistance {unknown}
 T - a potion of degeneration {unknown}
 X - a potion of lignification {unknown}
Books
 Y - a book of Burglary

   Spells                             Type                      Level
   a - Swiftness                      Charms/Air                   2
   b - Passwall                       Transmutation/Earth          2
   c - Passage of Golubria            Translocation                4
   d - Lee's Rapid Deconstruction     Earth                        5
   e - Darkness                       Hexes                        6
   f - Invisibility                   Hexes                        6
   Trog disapproves of the use of such an item.
Miscellaneous
 l - a crystal ball of energy
Comestibles
 c - 6 bread rations
 k - 10 royal jellies
 m - 2 beef jerkies
 B - 4 chunks of flesh


   Skills:
 + Level 13.5(13.2) Fighting
 * Level 20.5(20.1) Axes
 + Level 13.6(13.3) Armour
 + Level 5.7(5.4) Dodging
 - Level 1.1(0.9) Stealth
 - Level 6.3(6.0) Shields


You had 13 spell levels left.
You didn't know any spells.

Dungeon Overview and Level Annotations

Branches:
Dungeon (11/15)            Temple (0/1) D:7            Lair (0/6) D:8
    Orc (2/2) D:11            Elf (2/3) Orc:2

Altars:
Dithmenos
Makhleb
Nemelex Xobeh
Qazlal
Sif Muna
Xom
Beogh

Shops:
D:4 *   D:6 !}*(*   D:11 ?   Orc:2 }=[[   Elf:1 *

Annotations:
D:5 Prince Ribbit
D:10 exclusion: orange crystal statue
Elf:2 Jorgrun


Innate Abilities, Weirdness & Mutations

You reflexively headbutt those who attack you in melee.
You have a pair of horns on your head.
You tend to lose your temper in combat.
Potions and wands are less effective at restoring your health.


Message History

Jorgrun points at you and mumbles some strange words.
Your limbs have turned to stone.
You have turned to stone.
You are no longer berserk.
You feel yourself slow down.
The short sword of electrocution hits you but does no damage.
You are electrocuted!
The short sword of electrocution hits you.
Jorgrun hits you but does no damage.
The short sword of electrocution hits you but does no damage. x2
Jorgrun says, "A few more walls knocked out 'ere an' thar an' 'tis whole place will come crashin' down."
Jorgrun casts a spell at you.
You struggle to resist.
The short sword of electrocution hits you but does no damage.
You are electrocuted!
The short sword of electrocution hits you.
Jorgrun mumbles some strange words.
The dungeon rumbles around Jorgrun!
You shudder from the earth-shattering force.
Ouch! That really hurt!
You die...

##.### ....#
###.###
#####.....#
#.........##
##....%.....###
#.............#
#.....)..@g..# .#
#...#)...(.#.># .#
##. #......# #
.#####.###...##..#
###..........#.##
##..
#.#######.#.#.##
.. ...## #.#..# .
....## #.#.#
.....####.#.#


You could see Jorgrun and a short sword of electrocution.

Vanquished Creatures
  Erica (D:8)
  7 dancing weapons
  4 ogre magi (Orc:2)
  9 deep elf knights
  Nergalle (D:10)
  An unseen horror (D:11)
  3 hill giants
  7 deep elf archers (Elf:1)
  Pikel (D:4)
  34 deep elf magi
  2 cyclopes
  2 orc knights
  3 orc sorcerers
  A manticore (D:11)
  2 ugly things (D:11)
  The ghost of Kloppie the Skirmisher, a novice KoBe of Trog (D:6)
  Maurice (Orc:2)
  A komodo dragon (D:11)
  3 trolls
  14 two-headed ogres (Orc:2)
  A hippogriff (D:9)
  Sigmund (D:4)
  A wraith (D:11)
  2 wyverns
  2 water elementals
  3 yaks (D:9)
  A steam dragon (D:10)
  Grum (D:8)
  A hungry ghost (D:11)
  4 wargs (D:11)
  A mottled dragon (D:11)
  Duvessa (D:4)
  3 sky beasts
  7 orc warriors
  An ice beast (D:5)
  A black bear (D:6)
  2 phantoms
  2 necrophages
  3 wolves (D:8)
  6 centaurs
  32 ogres
  A crocodile (Sewer)
  9 bullfrogs
  An earth elemental (Elf:2)
  3 scorpions
  Dowan (D:4)
  7 killer bees
  An electric eel (D:8)
  8 wights (D:8)
  9 crimson imps
  A bullfrog zombie (D:6)
  4 hounds
  8 jellies
  Crazy Yiuf (D:5)
  3 bullfrog skeletons
  13 orc priests
  13 orc wizards
  3 iguanas
  9 worker ants
  2 hound skeletons
  A worker ant zombie (D:11)
  A howler monkey skeleton (D:4)
  13 adders
  3 shadow imps
  5 oozes (D:8)
  3 worms (D:2)
  2 dart slugs (D:3)
  5 leopard geckos
  54 orcs
  10 bats
  12 giant cockroaches
  5 goblins
  5 hobgoblins
  21 jackals
  3 kobolds
  6 quokkas
  A ball python (D:4)
  17 frilled lizards
  A quokka skeleton (D:7)
  12 rats
451 creatures vanquished.

Vanquished Creatures (collateral kills)
  A deep elf sorcerer (Elf:1)
  4 dancing weapons (Elf:1)
  3 deep elf knights (Elf:1)
  An orc knight (Orc:2)
  A deep elf archer (Elf:1)
  An orc sorcerer (Elf:1)
  3 deep elf magi (Elf:1)
  A warg (Orc:2)
  2 orc warriors (Orc:2)
  4 ogres
  An orc priest (Orc:1)
  5 orc wizards
  2 orcs (Orc:2)
29 creatures vanquished.

Vanquished Creatures (others)
  A deep elf knight (Elf:1)
  A slave (D:4)
  An orc priest (D:4)
  An iguana (D:4)
  An adder (D:4)
  An adder skeleton (D:4)
  2 orcs (D:4)
  A giant cockroach (D:4)
9 creatures vanquished.

Grand Total: 489 creatures vanquished

Notes
Turn   | Place    | Note
-------+----------+-------------------------------------------
     0 | D:1      | Millan the Minotaur Berserker began the quest for the Orb.
     0 | D:1      | Reached XP level 1. HP: 19/19 MP: 0/0
   380 | D:1      | Reached XP level 2. HP: 26/27 MP: 1/1
   381 | D:1      | Reached skill level 4 in Axes
   757 | D:2      | Reached XP level 3. HP: 25/33 MP: 2/2
   836 | D:2      | Reached ** piety under Trog
  1304 | D:2      | Reached XP level 4. HP: 36/40 MP: 3/3
  1493 | D:3      | Reached *** piety under Trog
  1493 | D:3      | Reached skill level 5 in Axes
  1508 | D:3      | Reached XP level 5. HP: 12/47 MP: 4/4
  2367 | D:4      | Noticed Pikel
  2367 | D:4      | Noticed a slave
  2367 | D:4      | Noticed a slave
  2367 | D:4      | Noticed a slave
  2367 | D:4      | Noticed a slave
  2378 | D:4      | Killed Pikel
  2378 | D:4      | Reached skill level 5 in Fighting
  2378 | D:4      | Reached skill level 6 in Axes
  2378 | D:4      | Reached skill level 5 in Armour
  2378 | D:4      | Reached skill level 1 in Stealth
  2378 | D:4      | Reached XP level 6. HP: 32/56 MP: 5/5
  2378 | D:4      | Reached XP level 7. HP: 35/61 MP: 6/6
  2542 | D:4      | Reached skill level 7 in Axes
  2547 | D:4      | Found a shadowy altar of Dithmenos.
  2890 | D:4      | Noticed Sigmund
  2915 | D:4      | Killed Sigmund
  2955 | D:4      | Reached XP level 8. HP: 52/70 MP: 7/7
  3061 | D:4      | Reached skill level 8 in Axes
  3208 | D:4      | Found Izxefod's Assorted Antiques.
  3247 | D:4      | Noticed Duvessa
  3247 | D:4      | Noticed Dowan
  3265 | D:4      | Killed Dowan
  3279 | D:4      | Killed Duvessa
  3898 | D:5      | Entered Level 5 of the Dungeon
  3973 | D:5      | Found a glowing drain.
  4003 | D:5      | Reached **** piety under Trog
  4010 | Sewer    | Entered a sewer
  4159 | Sewer    | Reached skill level 9 in Axes
  4225 | D:5      | Found a stormy altar of Qazlal.
  4227 | D:5      | Noticed an air elemental
  4545 | D:5      | Reached skill level 10 in Axes
  4560 | D:5      | Reached XP level 9. HP: 79/79 MP: 8/8
  4725 | D:5      | Found a runed door.
  4802 | D:5      | Noticed Prince Ribbit
  4972 | D:5      | Found a sparkling altar of Nemelex Xobeh.
  5269 | D:5      | Noticed Crazy Yiuf
  5273 | D:5      | Killed Crazy Yiuf
  5324 | D:6      | Noticed Kloppie's ghost (novice KoBe)
  5335 | D:6      | Killed Kloppie's ghost
  5409 | D:6      | Found Xuedenei's Gadget Emporium.
  5454 | D:6      | Found a deep blue altar of Sif Muna.
  5495 | D:6      | Found Xuhupeos's Assorted Antiques.
  5499 | D:6      | Bought a scroll of remove curse for 87 gold pieces
  5575 | D:6      | Found Foufrisch's Assorted Antiques.
  5583 | D:6      | Found Neshros's Antique Weapon Shop.
  5600 | D:6      | Reached skill level 11 in Axes
  5675 | D:6      | Found a burning altar of Makhleb.
  5676 | D:6      | Found a shimmering altar of Xom.
  5734 | D:6      | Found Vaffom's Distillery.
  5739 | D:6      | Bought 2 potions of might for 96 gold pieces
  6144 | D:7      | Reached ***** piety under Trog
  6472 | D:7      | Found a staircase to the Ecumenical Temple.
  6676 | D:8      | Noticed Grum
  6686 | D:8      | Reached skill level 1 in Shields
  6692 | D:8      | Killed Grum
  6692 | D:8      | Reached skill level 12 in Axes
  6713 | D:8      | Reached XP level 10. HP: 51/88 MP: 7/9
  6907 | D:8      | Noticed a cyclops
  6931 | D:8      | Killed a cyclops
  7117 | D:8      | Found a staircase to the Lair.
  7558 | D:8      | Noticed Erica
  7576 | D:8      | Killed Erica
  7576 | D:8      | Reached skill level 13 in Axes
  8174 | D:9      | Found a shimmering altar of Xom.
  8226 | D:9      | Reached skill level 5 in Shields
  8232 | D:9      | Reached skill level 10 in Armour
  8857 | D:10     | Entered Level 10 of the Dungeon
  8869 | D:10     | Noticed a hill giant
  8876 | D:10     | Killed a hill giant
  8876 | D:10     | Reached XP level 11. HP: 97/97 MP: 8/10
  9302 | D:10     | Noticed an orange crystal statue
  9329 | D:10     | Noticed a hill giant
  9403 | D:10     | Noticed Nergalle
  9417 | D:10     | Killed Nergalle
  9417 | D:10     | Reached skill level 14 in Axes
  9867 | D:11     | Gained mutation: You are agile. (Dex +2) [mutagenic meat]
  9868 | D:11     | Gained mutation: Your spells are a little harder to cast, but a little more powerful. [mutagenic meat]
  9869 | D:11     | Lost mutation: You are agile. (Dex +2) [mutagenic meat]
  9870 | D:11     | Gained mutation: Potions and wands are less effective at restoring your health. [mutagenic meat]
  9872 | D:11     | Gained mutation: You tend to lose your temper in combat. [mutagenic meat]
  9878 | D:11     | Lost mutation: You tend to lose your temper in combat. [potion of cure mutation]
  9878 | D:11     | Lost mutation: Your spells are a little harder to cast, but a little more powerful. [potion of cure mutation]
  9965 | D:11     | Killed an unseen horror
 10321 | D:11     | Received a gift from Trog
 10649 | D:11     | Noticed a red ugly thing
 10657 | D:11     | Killed a red ugly thing
 10657 | D:11     | Reached skill level 10 in Fighting
 10702 | D:11     | Noticed a hill giant
 10716 | D:11     | Killed a hill giant
 10716 | D:11     | Reached skill level 15 in Axes
 10820 | D:11     | Got a sheer robe
 10831 | D:11     | Identified the +1 robe of the Thoughtful Lies {rPois Dex+7} (You found it on level 11 of the Dungeon)
 10844 | D:11     | Noticed a purple ugly thing
 10851 | D:11     | Killed a purple ugly thing
 10851 | D:11     | Reached skill level 5 in Dodging
 10875 | D:11     | Gained mutation: You tend to lose your temper in combat. [mutagenic meat]
 10879 | D:11     | Noticed a hill giant
 10900 | D:11     | Killed a hill giant
 11055 | D:11     | Found a staircase to the Orcish Mines.
 11409 | D:11     | Found Quneirch's Magic Scroll Boutique.
 11837 | Orc:1    | Entered Level 1 of the Orcish Mines
 11837 | Orc:1    | Noticed an orc knight
 11842 | Orc:1    | Killed an orc knight
 12178 | Orc:1    | Found a roughly hewn altar of Beogh.
 12379 | Orc:2    | Entered Level 2 of the Orcish Mines
 12379 | Orc:2    | Noticed an orc sorcerer
 12385 | Orc:2    | Killed an orc sorcerer
 12385 | Orc:2    | Reached XP level 12. HP: 107/107 MP: 3/11
 12552 | Orc:2    | Reached skill level 16 in Axes
 12750 | Orc:2    | Received a gift from Trog
 12767 | Orc:2    | Noticed Maurice
 12775 | Orc:2    | Killed Maurice
 12894 | Orc:2    | Noticed an ogre mage
 12895 | Orc:2    | Noticed an ogre mage
 12900 | Orc:2    | Noticed an ogre mage
 12903 | Orc:2    | Noticed an ogre mage
 12909 | Orc:2    | Killed an ogre mage
 12914 | Orc:2    | Killed an ogre mage
 12918 | Orc:2    | Reached skill level 17 in Axes
 12928 | Orc:2    | Killed an ogre mage
 12931 | Orc:2    | Killed an ogre mage
 13136 | Orc:2    | Found Tang's Gadget Emporium.
 13136 | Orc:2    | Found Iney's Jewellery Shop.
 13137 | Orc:2    | Found Eloacw's Armour Shop.
 13137 | Orc:2    | Found Ipnewn's Armour Shoppe.
 13280 | Orc:2    | Found a staircase to the Elven Halls.
 13299 | Orc:2    | Reached skill level 18 in Axes
 13835 | Orc:2    | Bought a +1 plate armour of poison resistance for 480 gold pieces
 13841 | Orc:2    | Bought an uncursed ring of poison resistance for 260 gold pieces
 13896 | Elf:1    | Entered Level 1 of the Elven Halls
 13957 | Elf:1    | Received a gift from Trog
 13957 | Elf:1    | Reached XP level 13. HP: 47/116 MP: 1/12
 14734 | Elf:1    | Reached skill level 19 in Axes
 15201 | Elf:1    | Found Leheneest's Assorted Antiques.
 15203 | Elf:1    | Noticed a deep elf sorcerer
 15216 | Elf:1    | Paralysed by an orc sorcerer for 4 turns
 15223 | Elf:1    | Received a gift from Trog
 15235 | Elf:1    | Killed a deep elf sorcerer
 15884 | Elf:1    | Reached XP level 14. HP: 38/127 MP: 3/13
 16536 | Elf:1    | Reached skill level 20 in Axes
 16731 | Orc:1    | Paralysed by an orc sorcerer for 7 turns
 18116 | Elf:2    | Noticed Jorgrun
 18127 | Elf:2    | Killed from afar by Jorgrun

Skill      XL: |  1  2  3  4  5  6  7  8  9 10 11 12 13 14 |
---------------+-------------------------------------------+-----
Axes           | 4 5 6 7 10 12 13 15 18 19 20 | 20.5
Fighting       | 4 5 7 8 9 10 11 12 13 | 13.5
Armour         | 3 5 6 7 9 10 11 12 13 | 13.6
Dodging        | 3 4 5 |  5.7
Stealth        | 1 |  1.1
Shields        | 1 5 6 |  6.3

Action                   |  1- 3 |  4- 6 |  7- 9 | 10-12 | 13-15 || total
-------------------------+-------+-------+-------+-------+-------++-------
Melee: Hand axe          |    86 |    64 |   340 |    65 |       ||   555
       Headbutt          |    15 |    13 |    78 |   119 |    73 ||   298
       War axe           |       |       |       |   234 |       ||   234
       Broad axe         |       |       |       |   217 |   338 ||   555
Invok: Trog's Hand       |       |     2 |     4 |     5 |     2 ||    13
       Berserk           |       |     2 |     3 |    10 |       ||    15
       Brothers in Arms  |       |       |       |     5 |     4 ||     9
  Use: Scroll            |       |       |     3 |     4 |     6 ||    13
       Potion            |       |       |       |    12 |     1 ||    13
 Stab: Distracted        |       |       |       |     2 |       ||     2
  Eat: Chunk             |     1 |     3 |    15 |    22 |       ||    41
       Bread ration      |       |     1 |     2 |     1 |       ||     4
       Fruit             |       |       |       |     4 |       ||     4
       Royal jelly       |       |       |       |     2 |       ||     2
       Pizza             |       |       |       |     2 |       ||     2
       Meat ration       |       |       |       |     2 |     1 ||     3
       Beef jerky        |       |       |       |       |     3 ||     3
Armor: Animal skin       |     6 |       |       |       |       ||     6
       Ring mail         |    19 |    27 |       |       |       ||    46
       Chain mail        |       |       |   190 |   235 |       ||   425
       Plate armour      |       |       |       |    12 |   146 ||   158
Dodge: Dodged            |    39 |    30 |   127 |   119 |    50 ||   365
Block: Shield            |       |       |     7 |   201 |   125 ||   333
